Map: Vigília Leste LE

Players

Caioky

  • Race: Terran Terran
  • League: Silver
  • Spawn Location: 7:00

IagoAbreu - Winner!

  • Race: Zerg Zerg
  • League: Silver
  • Spawn Location: 1:00

VOD

Have the link to the VOD?

Description

Time

  • Played on: March 7, 2018, 1:25 p.m.
  • Length: 7:46
Show
View Real Time Build Order
Export as new Build Order

Caioky Terran 

Build Orders:  

Get SALT Encoding   

  12  0:13  SCV  
  13  0:16  Supply Depot  
  13  0:32  SCV  
  14  0:44  SCV, Supply Depot  
  15  0:56  SCV  
  16  1:08  SCV  
  17  1:13  Barracks  
  17  1:22  SCV  
  18  1:34  SCV  
  19  1:40  Engineering Bay  
  19  1:46  SCV  
  20  1:59  SCV  
  20  2:00  Command Center  
  21  2:03  Marine  
  22  2:11  SCV, Refinery  
  23  2:17  Refinery  
  23  2:21  Marine  
  24  2:41  SCV  
  25  2:58  Orbital Command  
  25  3:23  Factory  
  25  3:59  Barracks Tech Lab  
  25  4:13  SCV  
  25  4:15  SCV  
  27  4:19  Combat Shields  
  27  4:25  SCV, Factory Reactor  
  27  4:27  SCV  
  29  4:33  Armory  
  29  4:34  Marauder  
  29  4:37  SCV  
  32  4:39  SCV  
  32  4:45  Refinery  
  33  4:49  SCV, Terran Infantry Weapons Level 1  
  33  4:51  SCV  
  35  4:55  Marauder  
  37  5:01  SCV  
  37  5:03  SCV  
  39  5:08  Refinery  
  39  5:13  SCV  
  40  5:15  SCV  
  40  5:16  Marauder  
  43  5:21  Armory  
  43  5:24  Terran Ship Weapons Level 1  
  43  5:25  SCV  
  43  5:27  SCV  
  45  5:32  Starport  
  45  5:38  Concussive Shells  
  45  5:58  Supply Depot  
  44  6:04  Hellbat  
  44  6:06  Hellbat  
  37  6:20  Supply Depot  
  32  6:26  Hellbat  
  32  6:27  Hellbat  
  32  6:29  Marauder  
  35  6:36  Barracks  
  35  6:43  Supply Depot  
  37  6:47  Hellbat  
  37  6:49  Hellbat  
  30  7:08  Hellbat  
  30  7:11  Hellbat  
Show
View Real Time Build Order
Export as new Build Order

IagoAbreu Zerg - Winner!

Build Orders: Pool First 

Get SALT Encoding   

  12  0:05  Drone  
  13  0:14  Overlord  
  13  0:17  Drone  
  14  0:28  Overlord  
  14  0:34  Drone  
  15  0:40  Drone  
  16  0:51  Spawning Pool  
  16  0:55  Drone  
  16  1:04  Drone  
  16  1:10  Drone  
  18  1:30  Hatchery  
  17  1:35  Extractor  
  17  1:36  Drone x2  
  18  1:43  Queen  
  18  1:45  Drone  
  21  2:03  Roach Warren  
  21  2:06  Drone  
  21  2:08  Drone  
  22  2:22  Evolution Chamber  
  21  2:27  Drone x2  
  23  2:36  Overlord  
  23  2:46  Queen  
  23  2:50  Drone  
  26  2:58  Lair  
  26  3:10  Zergling x12  
  32  3:24  Burrow  
  32  3:28  Extractor  
  32  3:29  Drone x3  
  32  3:34  Roach  
  36  3:41  Drone x3  
  39  3:45  Drone  
  40  3:58  Roach x2  
  40  3:59  Overlord  
  40  4:01  Overlord  
  44  4:22  Roach x2  
  48  4:29  Drone x3  
  48  4:30  Drone x2  
  53  4:34  Roach x2  
  57  4:44  Zerg Melee Weapons Level 1  
  57  4:57  Roach  
  59  5:01  Overlord x3  
  59  5:07  Hatchery  
  58  5:14  Drone x2  
  60  5:19  Drone  
  60  5:20  Drone x2  
  63  5:43  Zergling x14  
  63  5:44  Zergling x8  
  74  6:17  Roach x2  
  74  6:18  Roach x4  
  84  6:19  Roach x2  
  84  6:20  Roach  
  81  7:01  Spire  
  78  7:05  Nydus Network  
  74  7:10  Roach x6  
  74  7:11  Zergling x8  
  74  7:12  Zergling x2  
Tags
 
Add a new tag
Caveats
  • Supply blocks, unpowered buildings, or Contaminate may cause inaccurate times.
  • Supply counts are checked every 10 seconds.